 Dungeon Crawl Stone Soup version 0.30-a0-920-g7493c07aab (webtiles) character file.

Game seed: 13310570034293925332

364 horus123 the Chiller (level 7, -4/52 HPs)
             Began as a Human Ice Elementalist on Mar 22, 2023.
             Slain by a phantom (6 damage)
             ... on level 4 of the Dungeon.
             The game lasted 00:07:41 (2855 turns).

horus123 the Chiller (Human Ice Elementalist)       Turns: 2855, Time: 00:07:42

Health: -4/52      AC:  2    Str: 10    XL:     7   Next: 0%
Magic:  7/11       EV: 12    Int: 16    God:
Gold:   142        SH:  0    Dex: 13    Spells: 1/12 levels left

rFire   . . .      SeeInvis .    e - +1 war axe (flame)
rCold   . . .      Faith    .    (no shield)
rNeg    . . .      Spirit   .    a - +0 robe
rPois   .          Reflect  .    (no helmet)
rElec   .          Rampage  .    (no cloak)
rCorr   .                        (no gloves)
Will    .....                    (no boots)
Stlth   ++                       (no amulet)
HPRegen 0.28/turn                (no ring)
MPRegen 0.12/turn                (no ring)

@: no status effects
A: no striking features
a: no special abilities


You were on level 4 of the Dungeon.
You visited 1 branch of the dungeon, and saw 4 of its levels.

You collected 142 gold pieces.

Inventory:

Hand Weapons
 e - a +1 war axe of flaming (weapon)
Armour
 a - a +0 robe (worn)
Scrolls
 c - a scroll of amnesia {unknown}
 f - a scroll of blinking {unknown}
 g - 3 scrolls of teleportation {unknown}
 i - 2 scrolls of identify {unknown}
 l - 2 scrolls of vulnerability {unknown}
 n - a scroll of immolation {unknown}
 o - a scroll of brand weapon {unknown}
 p - a scroll of fear {unknown}
Potions
 b - a potion of magic
 d - a potion of curing {unknown}
 h - a potion of haste {unknown}
 j - a potion of invisibility {unknown}
 k - a potion of degeneration {unknown}
 m - a potion of flight {unknown}
 q - a potion of lignification {unknown}


   Skills:
 - Level 3.1 Fighting
 - Level 1.2 Axes
 - Level 2.0 Dodging
 - Level 2.0 Stealth
 - Level 3.1 Spellcasting
 + Level 1.0 Summonings
 - Level 6.0 Ice Magic


You had one spell level left.
You knew the following spells:

 Your Spells              Type           Power      Damage    Failure   Level
a - Freeze                Ice            84%        1d9       1%          1
b - Frozen Ramparts       Ice            42%        1d7       4%          3
c - Ozocubu's Armour      Ice            21%        N/A       4%          3
d - Summon Ice Beast      Ice/Summ       13%        N/A       41%         4

Your spell library contained the following spells:

 Spells                   Type           Power      Damage    Failure   Level
 Lesser Beckoning         Tloc           4%         N/A       28%         2
 Gell's Gravitas          Tloc           2%         N/A       50%         3
 Teleport Other           Tloc           2%         N/A       50%         3


Dungeon Overview and Level Annotations

Branches:
Dungeon (4/15)
 Temple: D:4-7

Altars:

Shops:
D:2 ?


Message History

You hit the gnoll. You burn the gnoll.
The gnoll is severely wounded.
The wall freezes the gnoll.
You kill the gnoll!
The phantom resists.
The wall freezes the phantom.
The adder zombie completely resists.
The wall freezes the adder zombie but does no damage.
Your Summonings skill increases to level 1!
You have reached level 7!
You hit the phantom. You burn the phantom.
The phantom is lightly damaged.
The wall freezes the phantom but does no damage.
The phantom closely misses you.
The adder zombie resists.
The wall freezes the adder zombie.
You slash the phantom! You burn the phantom.
The phantom is heavily damaged.
The adder zombie resists.
The wall freezes the adder zombie.
The wall freezes the phantom but does no damage.
The phantom hits you.
* * * LOW HITPOINT WARNING * * *
The phantom blinks!
The scorpion zombie completely resists.
The wall freezes the scorpion zombie but does no damage.
The adder zombie resists.
The wall freezes the adder zombie.
The scorpion zombie completely resists.
The wall freezes the scorpion zombie but does no damage.
The phantom resists.
The wall freezes the phantom.
The phantom hits you.
* * * LOW HITPOINT WARNING * * *
The phantom blinks!
You blink.
The frozen ramparts melt away as you move.
You barely miss the phantom.
The phantom is heavily damaged.
The phantom hits you.
* * * LOW HITPOINT WARNING * * *
The phantom blinks!
You blink.
Found a scroll labelled XOALUY URGHU.
You are too injured to fight recklessly!
Okay, then.
You closely miss the phantom.
The phantom is heavily damaged.
The phantom hits you.
You die...

....♣...♣.. ♣..
............... ..
...♣...♣...♣
#.............
#...♣...♣.?.♣.. #w
#............ . .
#...#.♣...♣...♣...♣
. #........@.......
.##
##.##....W.......
..# ..
##.#.#####...
..####.# #)#gg. #
~.~≈##.# #.## .
≈~≈≈≈.## #§# .
≈#~#~≈≈#### #Z# ..
8..≈≈≈≈##.. #Z# ..
~..~≈≈≈≈.#.
#Z#####.#


You could see a phantom and a gnoll (wandering).

Vanquished Creatures
  Grinder (D:3)
  Robin (D:3)
  4 adders (D:2)
  2 gnolls (D:4)
  A worm (D:2)
  7 dart slugs
  2 endoplasms
  A giant cockroach (D:1)
  17 goblins
  6 hobgoblins
  9 jackals (D:2)
  4 kobolds
  3 quokkas
  6 ball pythons
  6 bats
  3 frilled lizards
  4 rats
77 creatures vanquished.

Vanquished Creatures (others)
  A withered plant (D:4)
1 creature vanquished.

Grand Total: 78 creatures vanquished

Notes
Turn   | Place    | Note
-------+----------+-------------------------------------------
     0 | D:1      | horus123 the Human Ice Elementalist began the quest for the
                  | Orb.
     0 | D:1      | Reached XP level 1. HP: 13/13 MP: 3/3
   184 | D:1      | Reached XP level 2. HP: 18/19 MP: 1/5
   653 | D:2      | Reached XP level 3. HP: 14/24 MP: 1/7
   719 | D:2      | Learned a level 3 spell: Frozen Ramparts
   776 | D:2      | Reached skill level 1 in Fighting
   911 | D:2      | Found a faded altar of an unknown god.
   931 | D:2      | Reached XP level 4. HP: 31/33 MP: 6/8
  1213 | D:2      | Found Hutidul's Magic Scroll Emporium.
  1438 | D:2      | Reached XP level 5. HP: 29/41 MP: 9/9
  1585 | D:3      | Noticed Robin
  1616 | D:3      | Killed Robin
  1617 | D:3      | Reached skill level 1 in Axes
  1804 | D:3      | Noticed Grinder
  1840 | D:3      | Paralysed by Grinder for 2 turns
  1861 | D:3      | Paralysed by Grinder for 4 turns
  1871 | D:3      | Paralysed by Grinder for 2 turns
  1875 | D:3      | Paralysed by Grinder for 3 turns
  1877 | D:3      | HP: 2/41 [Grinder/nerve-wracking pain (11)]
  1878 | D:3      | Killed Grinder
  1879 | D:3      | Reached skill level 5 in Ice Magic
  1879 | D:3      | Reached XP level 6. HP: 2/47 MP: 10/10
  2047 | D:3      | Learned a level 3 spell: Ozocubu's Armour
  2052 | D:3      | Learned a level 4 spell: Summon Ice Beast
  2656 | D:3      | Reached skill level 6 in Ice Magic
  2852 | D:4      | Reached skill level 1 in Summonings
  2852 | D:4      | Reached XP level 7. HP: 12/52 MP: 6/11
  2854 | D:4      | HP: 1/52 [phantom (4)]
  2855 | D:4      | Slain by a phantom

Illustrated notes

Levels and vault maps discovered:
D:1:      scummos_arrival_star, layout_rooms, serial_curves, eino_curves_03,
          eino_curves_02
D:2:      layout_basic, chequers_ecumenical_altar_island, serial_shops, shop,
          minmay_circle_x
D:3:      layout_basic, minmay_misc_feat_more_columns,
          roderic_nine_men_s_morris, uniq_grinder, uniq_robin
D:4:      kennysheep_slugbush, layout_basic, nicolae_overflow_hidden_temple,
          tgw_kikubaaqudgha, minmay_temple_entry_enclosed_plants, serial_undead,
          serial_undead_d, serial_undead_e, serial_undead_a, serial_undead_e,
          kennysheep_crisscross, minmay_misc_feat_tower, minivault_19

Skill      XL: |  1  2  3  4  5  6 |
---------------+-------------------+-----
Spellcasting   | 3 |  3.1
Fighting       | 1 3 |  3.1
Axes           | 1 |  1.2
Ice Magic      | 5 6 |  6.0
Summonings     | 1 |  1.0
Dodging        | |  2.0
Stealth        | |  2.0

Action                     |  1- 3 |  4- 6 |  7- 9 || total
---------------------------+-------+-------+-------++-------
  Melee: War axe           |    37 |   102 |     4 ||   143
         Punch             |       |     1 |       ||     1
   Cast: Freeze            |    33 |    13 |       ||    46
         Frozen Ramparts   |       |     1 |       ||     1
    Use: Potion            |       |     2 |       ||     2
   Stab: Sleeping          |       |     4 |       ||     4
 Armour: Robe              |    16 |    21 |       ||    37
  Dodge: Dodged            |    57 |   102 |     1 ||   160

Table legend: (Time is in decaauts)
 A = Elapsed time spent in this place.
 B = Non-inter-level travel time spent in this place.
 C = Inter-level travel time spent in this place.
 D = Time resting spent in this place.
 E = Time spent auto-exploring this place.
 F = Levels seen in this place.
 G = Mean time per level.
                   A        B        C        D        E       F      G
               +--------+--------+--------+--------+--------+-----+--------+
         Total |   2932 |   2896 |     36 |    529 |   1578 |   4 |  733.0 |
       Dungeon |   2932 |   2896 |     36 |    529 |   1578 |   4 |  733.0 |
               +--------+--------+--------+--------+--------+-----+--------+

Top non-repeatable levels by time:
     D:3: 1143 daAuts
     D:2: 994 daAuts
     D:1: 640 daAuts
     D:4: 153 daAuts
